 Dungeon Crawl Stone Soup version 0.28.0-53-g5a82cb258f (webtiles) character file.

Game seed: 10827578540143595930

738 Dadi the Fighter (level 7, -4/52 HPs)
             Began as a Gargoyle Fighter on July 19, 2022.
             Was a Follower of Okawaru.
             Slain by fleshgolem's ghost (11 damage)
             ... on level 4 of the Dungeon.
             The game lasted 00:05:08 (4451 turns).

Dadi the Fighter (Gargoyle Fighter)                 Turns: 4451, Time: 00:05:08

Health: -4/52      AC:  9    Str: 21    XL:     7   Next: 75%
Magic:  7/7        EV: 10    Int:  9    God:    Okawaru [*.....]
Gold:   102        SH:  4    Dex:  9    Spells: 6/6 levels left

rFire   + . .      SeeInvis .   d - +2 whip (freeze)
rCold   + . .      Faith    .   c - +0 buckler
rNeg    + . .      Spirit   .   q - +2 robe {rC+ rF+}
rPois   ∞          Reflect  .   (no helmet)
rElec   +          Harm     .   n - scarf {repulsion}
rCorr   .          Rampage  .   (no gloves)
Will    .....                   (no boots)
Stlth   +.........              (no amulet)
HPRegen 0.17/turn               (no ring)
MPRegen 0.10/turn               (no ring)

@: studying Unarmed Combat, repel missiles
A: sickness immunity, AC +4, negative energy resistance 1, electricity
resistance, torment resistance 1, petrification resistance
a: Renounce Religion, Heroism


You were on level 4 of the Dungeon.
You worshipped Okawaru.
Okawaru was aware of your devotion.
You visited 2 branches of the dungeon, and saw 5 of its levels.

You collected 102 gold pieces.

Inventory:

Hand Weapons
 a - a +0 flail
 d - a +2 whip of freezing (weapon)
Missiles
 r - a throwing net (quivered)
Armour
 b - a +0 scale mail
 c - a +0 buckler (worn)
 n - a scarf of repulsion (worn)
 q - a +2 robe of resistance (worn)
Scrolls
 e - a scroll of amnesia {unknown}
 g - a scroll of fear {unknown}
 h - 6 scrolls of identify {unknown}
 k - a scroll of silence {unknown}
 l - a scroll of immolation {unknown}
 m - a scroll of magic mapping {unknown}
 o - a scroll of noise {unknown}
 p - 2 scrolls of teleportation {unknown}
 u - a scroll of vulnerability {unknown}
Potions
 f - a potion of brilliance {unknown}
 i - 2 potions of resistance {unknown}
 j - a potion of invisibility {unknown}
 s - a potion of might
 t - a potion of lignification {unknown}


   Skills:
 + Level 9.7 Fighting
 - Level 2.0 Maces & Flails
 - Level 3.2 Armour
 - Level 3.2 Shields


You had 6 spell levels left.
You didn't know any spells.
Your spell library was empty.

Dungeon Overview and Level Annotations

Branches:
Dungeon (4/15)             Temple (1/1) D:4

Altars:
Cheibriados
Dithmenos
Elyvilon
Gozag
Hepliaklqana
Kikubaaqudgha
Okawaru
Qazlal
Sif Muna
Trog
Uskayaw
Vehumet
Wu Jian
Xom
Yredelemnul
Zin

Annotations:
D:4 Eustachio; fleshgolem's ghost, amateur MiFi


Innate Abilities, Weirdness & Mutations

You are immune to sickness and miasma.
Your stone body is resilient. (AC +4)
You are immune to poison.
You resist negative energy. (rN+)
You are resistant to electric shocks. (rElec)
You are resistant to unholy torment.
You are immune to petrification.


Message History

You hit the orc wizard. You freeze the orc wizard.
The orc wizard is lightly wounded.
The orc wizard closely misses you. Fleshgolem's ghost hits you.
You barely miss the orc wizard.
The orc wizard is lightly wounded.
You block the orc wizard's attack. Fleshgolem's ghost barely misses you.
You hit the orc wizard. You freeze the orc wizard.
The orc wizard is heavily wounded.
The orc wizard hits you but does no damage.
Fleshgolem's ghost barely misses you.
The orc wizard hits you with a +2 dagger of venom.
You closely miss the orc wizard.
The orc wizard is moderately wounded.
Fleshgolem's ghost hits you but does no damage.
The orc wizard points at you and mumbles some strange words.
The magic dart hits you.
The orc wizard shouts loudly.
Fleshgolem's ghost mumbles, "They all look like pillowcases to me..."
The orc wizard gestures wildly while chanting.
The orc wizard flickers and vanishes!
Deactivating autopickup; reactivate with Ctrl-A.
You are confused.
You barely miss fleshgolem's ghost.
Fleshgolem's ghost is lightly damaged.
Fleshgolem's ghost misses you.
A magic dart appears from out of thin air!
The magic dart hits you. Fleshgolem's ghost hits you!
* * * LOW HITPOINT WARNING * * *
You feel less confused. Fleshgolem's ghost hits you!
* * * LOW HITPOINT WARNING * * *
Fleshgolem's ghost closely misses you.
There is a stone staircase leading down here.
You block something's attack.
You climb downwards.
Level annotation: Eustachio Reactivating autopickup.
There is a stone staircase leading up here.
Fleshgolem's ghost hits you!
You die...

#...⌠........
#########....(.......
#.........⌠.>.⌠......
#.#...............###
#.#.######..⌠.....#
#.#.##.# #(.......#
#.#....# #.########
#.####W###.#
#....{<@...#
############


You could see fleshgolem's ghost.

Vanquished Creatures
  Pikel (D:3)
  A scorpion (D:4)
  Crazy Yiuf (D:2)
  3 gnolls
  8 adders
  2 worms
  5 dart slugs
  8 orcs
  3 endoplasms
  5 giant cockroaches
  7 goblins
  4 hobgoblins
  6 jackals
  3 quokkas (D:1)
  5 ball pythons
  7 bats
  A frilled lizard (D:3)
  4 kobolds (D:2)
  5 rats
79 creatures vanquished.

Notes
Turn   | Place    | Note
-------+----------+-------------------------------------------
     0 | D:1      | Dadi the Gargoyle Fighter began the quest for the Orb.
     0 | D:1      | Reached XP level 1. HP: 14/14 MP: 1/1
   117 | D:1      | Reached skill level 4 in Fighting
   117 | D:1      | Reached XP level 2. HP: 20/20 MP: 2/2
   383 | D:1      | Reached XP level 3. HP: 22/24 MP: 3/3
   937 | D:2      | Reached skill level 5 in Fighting
  1328 | D:2      | Reached XP level 4. HP: 31/31 MP: 4/4
  1566 | D:2      | Found a runed translucent door.
  1567 | D:2      | Noticed Crazy Yiuf
  2081 | D:3      | Noticed fleshgolem's ghost (amateur MiFi)
  2084 | D:3      | Found a runed translucent gate.
  2084 | D:3      | Found a runed translucent gate.
  2084 | D:3      | Found a runed translucent gate.
  2326 | D:3      | Reached skill level 6 in Fighting
  2337 | D:3      | Reached XP level 5. HP: 29/36 MP: 5/5
  3249 | D:4      | Found a staircase to the Ecumenical Temple.
  3258 | Temple   | Entered the Ecumenical Temple
  3328 | Temple   | Became a worshipper of Warmaster Okawaru
  3475 | D:4      | Reached skill level 7 in Fighting
  3475 | D:4      | Reached XP level 6. HP: 38/44 MP: 6/6
  3688 | D:4      | Noticed Pikel
  3708 | D:3      | Killed Pikel
  3708 | D:3      | Reached * piety under Okawaru
  3709 | D:3      | Reached skill level 9 in Fighting
  3709 | D:3      | Reached XP level 7. HP: 7/51 MP: 7/7
  4101 | D:4      | Noticed Eustachio
  4276 | D:2      | Paralysed by Crazy Yiuf for 3 turns
  4281 | D:2      | Killed Crazy Yiuf
  4451 | D:4      | Slain by fleshgolem's ghost

Illustrated notes

Levels and vault maps discovered:
D:1:      dpeg_arrival_rhombi, layout_basic, dk_noncrumbling_3
D:2:      layout_loops_cross, uniq_crazy_yiuf_cottage
D:3:      layout_basic, gammafunk_ghost_split
D:4:      layout_basic, tso_metal_star, temple_fountains, corexii_checkpoint_a,
          uniq_ijyb, uniq_eustachio, uniq_pikel, uniq_robin
Temple:   eino_temple_scatter_basement

Skill      XL: |  1  2  3  4  5  6 |
---------------+-------------------+-----
Fighting       | 4 5 6 7 9 |  9.7
Maces & Flails | |  2.0
Armour         | |  3.2
Shields        | |  3.2

Action                   |  1- 3 |  4- 6 |  7- 9 || total
-------------------------+-------+-------+-------++-------
Melee: Flail             |   104 |   193 |       ||   297
       Whip              |       |       |    20 ||    20
  Use: Potion            |       |     1 |       ||     1
Armor: Scale mail        |    51 |    74 |       ||   125
       Robe              |       |    57 |     6 ||    63
Dodge: Dodged            |    58 |   111 |     9 ||   178
       Repelled          |       |     2 |       ||     2
Block: Buckler           |    33 |    56 |     3 ||    92
